 Dungeon Crawl Stone Soup version 0.21-a0-426-g98080a9 (webtiles) character file.

1635 karf the Zephyrmancer (level 8, -8/41 HPs)
             Began as a Deep Elf Air Elementalist on Nov 5, 2017.
             Was an Initiate of Vehumet.
             Mangled by Duvessa
             ... wielding a +2 short sword of venom
              (12 damage)
             ... on level 7 of the Dungeon.
             The game lasted 00:28:13 (7462 turns).

karf the Zephyrmancer (Deep Elf Air Elementalist)   Turns: 7462, Time: 00:28:14

Health: -8/41      AC:  9    Str:  5    XL:     8   Next: 66%
Magic:  11/17      EV: 16    Int: 23    God:    Vehumet [......]
Gold:   245        SH:  0    Dex: 15    Spells: 12/17 levels left

rFire    . . .     SeeInvis .   B - +3 dagger (drain)
rCold    . . .     Gourm    .   (no shield)
rNeg     + . .     Faith    .   F - +2 robe {rN+}
rPois    .         Spirit   .   I - +0 helmet
rElec    .         Reflect  .   E - +2 cloak
rCorr    +         Harm     .   (no gloves)
MR       .....                  x - +0 pair of boots
Stlth    ++........             d - amulet of regeneration
HPRegen  0.53/turn              l - ring of resist corrosion
MPRegen  0.15/turn              (no ring)

@: lethally poisoned (-8 -> -21)
A: no striking features
a: Renounce Religion


You were on level 7 of the Dungeon.
You worshipped Vehumet.
Vehumet was noncommittal.
You were near starving.

You visited 2 branches of the dungeon, and saw 8 of its levels.

You collected 406 gold pieces.
You spent 161 gold pieces at shops.

Inventory:

Hand Weapons
 B - a +3 dagger of draining (weapon)
Armour
 x - a +0 pair of boots (worn)
 E - a +2 cloak (worn)
 F - a +2 robe of positive energy (worn)
 I - a +0 helmet (worn)
Jewellery
 a - a +4 ring of protection {unknown}
 d - an amulet of regeneration (around neck)
 l - a ring of resist corrosion (left hand)
 z - an uncursed amulet of guardian spirit {unknown}
 L - an uncursed ring of flight {unknown}
Wands
 h - a wand of iceblast (12/15)
 i - a wand of flame (20/48)
 y - a wand of polymorph (4/24)
 D - a wand of acid (11/15)
Scrolls
 j - 3 scrolls of enchant armour
 o - 2 scrolls of blinking {unknown}
 p - a scroll of immolation {unknown}
 q - 3 scrolls of teleportation
 t - a scroll of enchant weapon
 u - 4 scrolls of remove curse
 A - a scroll of silence {unknown}
 G - 2 scrolls of identify
 J - a scroll of vulnerability {unknown}
 K - a scroll of magic mapping
 M - a scroll of amnesia
Potions
 e - 2 potions of agility
 f - a potion of curing
 g - 2 potions of brilliance
 k - a potion of flight {unknown}
 m - 2 potions of resistance
 n - a potion of magic {unknown}
 s - a potion of heal wounds {unknown}
 C - a potion of degeneration {unknown}
 H - a potion of mutation {unknown}
Books
 b - a book of Air

   Spells                             Type                      Level
   a - Shock                          Conjuration/Air              1
   b - Swiftness                      Charms/Air                   2
   c - Static Discharge               Conjuration/Air              3
   d - Airstrike                      Air                          4
   e - Lightning Bolt                 Conjuration/Air              5
Comestibles
 c - 5 bread rations
 r - a royal jelly
 v - 3 meat rations
 w - a fruit


   Skills:
 + Level 6.8 Dodging
 - Level 2.4 Stealth
 - Level 5.0 Spellcasting
 + Level 5.7 Conjurations
 * Level 8.1 Air Magic


You had 12 spell levels left.
You knew the following spells:

 Your Spells              Type           Power        Failure   Level  Hunger
a - Shock                 Conj/Air       ####         1%          1    None
b - Airstrike             Air            #####.....   3%          4    ####...


Dungeon Overview and Level Annotations

Branches:
Dungeon (7/15)             Temple (1/1) D:7

Altars:
Ashenzari
Dithmenos
Elyvilon
Fedhas
Gozag
Hepliaklqana
Kikubaaqudgha
Makhleb
Nemelex Xobeh
Okawaru
Qazlal
Sif Muna
Trog
Uskayaw
Vehumet
Wu Jian
Xom
Yredelemnul
Zin
The Shining One

Shops:
D:5 **

Annotations:
D:5 2 transporters, Menkaure
D:7 Duvessa


Message History

You feel very sick.
You feel sick.
* * * LOW HITPOINT WARNING * * *
You feel very sick.
Duvessa hits you with a short sword of venom.
* * * LOW HITPOINT WARNING * * *
You are more poisoned.
* * * LOW HITPOINT WARNING * * *
You feel sick.
Duvessa rages.
* * * LOW HITPOINT WARNING * * *
You feel very sick. Duvessa closely misses you.
* * * LOW HITPOINT WARNING * * *
You feel sick.
Duvessa rages.
* * * LOW HITPOINT WARNING * * *
You feel sick.
Duvessa hits you with a short sword of venom!
You die...

#.# #.#.# #.# #.#.#
#.# #.#.# #.#
#.#.##### #.#
#.......# #.#
###.###.# #.# #.#
#.# #.######e# #.#
#<.....@.# #).......
#.##################
#.............#
#############.# .#
.# .# .# .#


You could see Duvessa (berserk).

Vanquished Creatures
  Pikel (D:7)
  Edmund (D:6)
  A water moccasin (D:5)
  A slave (D:7)
  An ogre (D:7)
  A bullfrog (D:6)
  Dowan (D:7)
  A water moccasin skeleton (D:7)
  A crimson imp (D:3)
  A bullfrog zombie (D:5)
  A centaur skeleton (D:4)
  A gnoll shaman (D:4)
  An orc priest (D:4)
  3 hounds
  8 orc wizards
  An iguana (D:7)
  Terence (D:1)
  2 worker ants
  5 gnolls
  2 adders (D:2)
  An adder zombie (D:6)
  2 worms
  A dart slug (D:3)
  5 leopard geckos
  20 orcs
  3 ball pythons
  7 giant cockroaches
  5 goblins
  4 hobgoblins
  5 jackals (D:5)
  6 kobolds
  10 bats
  5 frilled lizards
  A quokka zombie (D:5)
  4 rats
114 creatures vanquished.

Vanquished Creatures (others)
  A sky beast (D:7)
  A slave (D:7)
  A howler monkey (D:7)
  An orc (D:7)
4 creatures vanquished.

Grand Total: 118 creatures vanquished

Notes
Turn   | Place    | Note
-------+----------+-------------------------------------------
     0 | D:1      | karf the Deep Elf Air Elementalist began the quest for the Orb.
     0 | D:1      | Reached XP level 1. HP: 10/10 MP: 6/6
   301 | D:1      | Reached XP level 2. HP: 15/15 MP: 6/8
  1108 | D:2      | Noticed Terence
  1399 | D:1      | Killed Terence
  1399 | D:1      | Reached XP level 3. HP: 19/19 MP: 0/10
  1764 | D:2      | Reached XP level 4. HP: 24/24 MP: 5/11
  2105 | D:2      | Found a white marble altar of Elyvilon.
  2346 | D:3      | Reached skill level 4 in Air Magic
  2680 | D:3      | Found an opulent altar of Gozag.
  2714 | D:3      | Reached XP level 5. HP: 28/28 MP: 3/13
  3379 | D:3      | Reached XP level 6. HP: 28/32 MP: 3/14
  3674 | D:4      | Found an ornate altar of the Wu Jian Council.
  3675 | D:4      | Found a hazy altar of Hepliaklqana.
  3773 | D:4      | Reached skill level 5 in Air Magic
  4004 | D:4      | Reached skill level 5 in Spellcasting
  4444 | D:5      | Entered Level 5 of the Dungeon
  4564 | D:5      | Found Fiuzas's Serpentskin Sales.
  4564 | D:5      | Noticed a water moccasin
  4575 | D:5      | Killed a water moccasin
  4575 | D:5      | Reached XP level 7. HP: 13/36 MP: 9/16
  4634 | D:5      | Found a hide-covered altar of Uskayaw.
  4635 | D:5      | Noticed a dagger
  4636 | D:5      | Noticed a hand axe
  4773 | D:5      | Found a bloodstained altar of Trog.
  4812 | D:5      | Reached skill level 5 in Dodging
  4928 | D:5      | Reached skill level 6 in Air Magic
  4976 | D:5      | Found a transporter.
  4978 | D:5      | Noticed a wraith
  4980 | D:5      | Found an ancient bone altar of Kikubaaqudgha.
  4982 | D:5      | Noticed Menkaure
  4986 | D:5      | Noticed a wraith
  4988 | D:5      | Found Lenid's General Store.
  4994 | D:5      | Bought a +2 robe of positive energy for 161 gold pieces
  5029 | D:5      | Found a transporter.
  5036 | D:5      | Noticed a wraith
  5050 | D:5      | Found a basalt altar of Yredelemnul.
  5281 | D:6      | Learned a level 4 spell: Airstrike
  5295 | D:6      | You fall through a shaft!
  5313 | D:7      | Noticed Pikel
  5507 | D:7      | Found a staircase to the Ecumenical Temple.
  5523 | Temple   | Entered the Ecumenical Temple
  5656 | Temple   | Became a worshipper of Vehumet
  5703 | D:7      | Killed Pikel
  5703 | D:7      | Reached skill level 5 in Conjurations
  5703 | D:7      | Reached skill level 7 in Air Magic
  5703 | D:7      | Reached XP level 8. HP: 33/41 MP: 0/17
  5865 | D:7      | Found an iron altar of Okawaru.
  6004 | D:7      | Noticed a troll
  6632 | D:6      | Noticed Edmund
  6719 | D:6      | Killed Edmund
  6719 | D:6      | Reached skill level 8 in Air Magic
  7219 | D:6      | Found a burning altar of Makhleb.
  7219 | D:6      | Found a glowing silver altar of Zin.
  7220 | D:6      | Noticed an angel
  7220 | D:6      | Noticed an Executioner
  7445 | D:7      | Noticed Duvessa
  7445 | D:7      | Noticed Dowan
  7454 | D:7      | Killed Dowan
  7462 | D:7      | Mangled by Duvessa

Vault maps used:
D:1:      lightli_arrival_flooded_house
D:2:      lemuel_crystal_altar, uniq_terence
D:3:      minmay_wonky_spiral, grunt_gozag_statues
D:4:      kennysheep_big_flooded_room, grunt_temple_overflow_open
D:5:      gammafunk_temple_of_torment, dancing_weapons_uskayaw, bloody_trog,
          first_bread, serial_shops, shop, guppyfry_shop_venom
D:6:      minmay_flawed_box, grunt_temple_overflow_order_and_chaos_2,
          uniq_edmund, uniq_menkaure
D:7:      nicolae_ru_sacrificial_ziggurat, kennysheep_okawaru_gauntlet,
          minmay_temple_entry_enclosed_plants, enter_bailey_2, uniq_pikel,
          uniq_duvessa
Temple:   nicolae_temple_figure_zero

Skill      XL: |  1  2  3  4  5  6  7  8 |
---------------+-------------------------+-----
Dodging        | 3 4 6 |  6.8
Conjurations   | 2 3 5 |  5.7
Spellcasting   | 4 5 |  5.0
Air Magic      | 4 5 7 8 |  8.1
Stealth        | |  2.4

Action                   |  1- 3 |  4- 6 |  7- 9 || total
-------------------------+-------+-------+-------++-------
Melee: Dagger            |    26 |     2 |     2 ||    30
 Cast: Shock             |    98 |   166 |   138 ||   402
       Airstrike         |       |       |     9 ||     9
  Use: Scroll            |     4 |     4 |     5 ||    13
       Potion            |       |     1 |       ||     1
  Eat: Chunk             |     2 |     9 |     6 ||    17
       Royal jelly       |       |       |     1 ||     1
Armor: Robe              |     9 |    11 |    13 ||    33
Dodge: Dodged            |    53 |    47 |    55 ||   155

Table legend:
 A = Spawn XP
 B = Non-spawn XP
 C = Spawn XP percentage of total XP
 D = Spawn monster count
 E = Non-spawn monster count
 F = Spawn count percentage of total count
 G = Total turns spent on level
                    A         B        C        D         E        F      G
               +---------+---------+-------+---------+---------+-------+---------
         Total |       0 |    2336 |   0.0 |       0 |     113 |   0.0 |  7462
               +---------+---------+-------+---------+---------+-------+---------
           D:1 |       0 |      68 |   0.0 |       0 |      18 |   0.0 |  1183
           D:2 |       0 |      52 |   0.0 |       0 |      15 |   0.0 |  1143
           D:3 |       0 |     235 |   0.0 |       0 |      29 |   0.0 |  1271
           D:4 |       0 |     317 |   0.0 |       0 |      16 |   0.0 |  1001
           D:5 |       0 |     262 |   0.0 |       0 |      14 |   0.0 |   943
           D:6 |       0 |     422 |   0.0 |       0 |      11 |   0.0 |  1165
           D:7 |       0 |     980 |   0.0 |       0 |      10 |   0.0 |   612
               +---------+---------+-------+---------+---------+-------+---------
